[Event "Titled Tuesday Blitz November 07 Late 2023"]
[White "Jarocka, Liwia"]
[Black "VitaliyChayka"]
[WhiteFideId "21807558"]
[WhiteElo "2344"]
[BlackElo "2139"]
[Result "1-0"]
[Round "5"]
[TimeControl "180+1"]
[Date "2023.11.07"]
[WhiteClock "0:00:18"]
[BlackClock "0:00:00"]
[Board "131"]

1. e4 d6 2. d4 Nf6 3. Nc3 e5 4. dxe5 dxe5 5. Qxd8+ Kxd8 6. Bc4 Ke8 7. Bg5 Nbd7 8. f3 a6 9. O-O-O Bd6 10. Nge2 h6 11. Be3 b5 12. Bb3 Bb7 13. Ng3 g6 14. Kb1 Ke7 15. a4 c6 16. Rd2 Bc5 17. Bxc5+ Nxc5 18. axb5 Nxb3 19. cxb3 axb5 20. Rhd1 Rad8 21. Nge2 Bc8 22. Nc1 Be6 23. b4 g5 24. Nd3 Nd7 25. Ne2 f6 26. Rc1 Rc8 27. Nc5 Nxc5 28. Rxc5 Rhd8 29. Rxd8 Kxd8 30. Kc2 Kd7 31. Rc3 h5 32. Nc1 Kc7 33. Nd3 Rg8 34. Nc5 Bc8 35. h3 Rg7 36. g4 Rh7 37. Kd3 hxg4 38. hxg4 Rh2 39. b3 Rh3 40. Ke2 Rh2+ 41. Ke3 Rg2 42. Nd3 Rh2 43. Nf2 Rh4 44. Rc1 Kb6 45. Ra1 Bb7 46. Nd3 Rh3 47. Nc5 Bc8 48. Ra8 Kc7 49. Kf2 Rh2+ 50. Kg3 Rh8 51. Ra7+ Kb6 52. Rf7 Rh6 53. Rf8 Bb7 54. Rb8 Kc7 55. Rxb7+ Kc8 56. Rf7 Kb8 57. Nd7+ Kc8 58. Nxf6 Kb8 59. Nd7+ Kc8 60. Nc5 Kb8 61. Rf5 Kc8 62. Rxe5 Kb8 63. Rxg5 1-0


[Site "https://www.chess.com"]

[Event "Titled Tuesday Blitz November 07 Late 2023"]
[White "Yushko, Olga"]
[Black "Shapiro, Daniel"]
[WhiteFideId "14114500"]
[BlackFideId "2001780"]
[WhiteElo "2113"]
[BlackElo "2335"]
[Result "0-1"]
[Round "5"]
[TimeControl "180+1"]
[Date "2023.11.07"]
[WhiteClock "0:00:00"]
[BlackClock "0:00:17"]
[Board "132"]

1. d4 Nf6 2. c4 e6 3. Nc3 Bb4 4. Qc2 d5 5. cxd5 exd5 6. Nf3 O-O 7. Bg5 c6 8. e3 Nbd7 9. Bd3 h6 10. Bh4 Bd6 11. O-O Re8 12. Rac1 Nf8 13. e4 dxe4 14. Nxe4 Be7 15. Bg3 Bg4 16. Ne5 Be6 17. Rfd1 Qa5 18. a3 Rad8 19. Bc4 Bxc4 20. Qxc4 Qd5 21. Nxf6+ Bxf6 22. Qc2 Ne6 23. Nf3 Nxd4 24. Nxd4 Bxd4 25. Qa4 Re4 26. Qc2 c5 27. b4 b6 28. bxc5 bxc5 29. h3 Rde8 30. Kh2 h5 31. Qa4 h4 32. Bc7 Qf5 0-1


[Site "https://www.chess.com"]

[Event "Titled Tuesday Blitz November 07 Late 2023"]
[White "Fernandez Bustamante, Leancy B."]
[Black "Powell, Paul"]
[WhiteFideId "3523870"]
[BlackFideId "2005840"]
[WhiteElo "2334"]
[BlackElo "2083"]
[Result "1-0"]
[Round "5"]
[TimeControl "180+1"]
[Date "2023.11.07"]
[WhiteClock "0:01:29"]
[BlackClock "0:00:03"]
[Board "133"]

1. e4 c5 2. Nf3 d6 3. c3 Nf6 4. h3 g6 5. Bd3 Bg7 6. Bc2 O-O 7. O-O Nc6 8. Re1 a6 9. d4 cxd4 10. cxd4 Bd7 11. Nc3 Rc8 12. Bg5 b5 13. a3 h6 14. Bf4 Na5 15. Bd3 Nc4 16. Bxc4 Rxc4 17. Rc1 Re8 18. Qd2 Kh7 19. e5 dxe5 20. Nxe5 Be6 21. Nxc4 Bxc4 22. Be5 e6 23. Ne4 Bd5 24. Nd6 Re7 25. Rc8 Qd7 26. Rec1 Ne4 27. Nxe4 Bxe4 28. R1c7 Qd5 29. Rxe7 Bxe5 30. Rxf7+ Bg7 31. Qf4 Qxd4 32. Rxg7+ Kxg7 33. Rc7+ 1-0


[Site "https://www.chess.com"]

[Event "Titled Tuesday Blitz November 07 Late 2023"]
[White "KorolDimitriy75"]
[Black "Sailer, Mike"]
[BlackFideId "2012901"]
[WhiteElo "2333"]
[BlackElo "2076"]
[Result "1-0"]
[Round "5"]
[TimeControl "180+1"]
[Date "2023.11.07"]
[WhiteClock "0:00:06"]
[BlackClock "0:00:18"]
[Board "134"]

1. d4 d5 2. c4 Bf5 3. Nc3 e6 4. e3 Nc6 5. a3 Nf6 6. Nf3 Be7 7. Bd3 Bxd3 8. Qxd3 dxc4 9. Qxc4 O-O 10. O-O Na5 11. Qa4 c5 12. dxc5 Nd5 13. Nxd5 exd5 14. b4 Bf6 15. Rb1 Nc4 16. Rd1 a5 17. Qb3 axb4 18. axb4 Re8 19. h3 g6 20. Qd3 Ra4 21. Qxd5 Qxd5 22. Rxd5 Rea8 23. Bd2 Ra1 24. Rxa1 Rxa1+ 25. Kh2 Rb1 26. e4 Nxd2 27. Rxd2 Rxb4 28. e5 Be7 29. Rd7 Bxc5 30. Ng5 Bxf2 31. Nxf7 Be3 32. e6 Bf4+ 33. Kg1 Bg3 34. Nh6+ Kf8 35. Rf7+ Ke8 36. Kf1 Rb1+ 37. Ke2 Rb2+ 38. Kf3 Bd6 39. Rxh7 Rb3+ 40. Ke4 Rb4+ 41. Kd5 Bf4 42. Ng4 Rb5+ 43. Ke4 Rb4+ 44. Kd5 Rb5+ 45. Kc4 Rb1 46. Nf6+ Kd8 47. e7+ Kc7 48. e8=Q+ 1-0


[Site "https://www.chess.com"]

[Event "Titled Tuesday Blitz November 07 Late 2023"]
[White "MariusBieliauskas"]
[Black "Oliveira, Tiago Batista"]
[BlackFideId "2108291"]
[WhiteElo "2333"]
[BlackElo "2058"]
[Result "0-1"]
[Round "5"]
[TimeControl "180+1"]
[Date "2023.11.07"]
[WhiteClock "0:00:00"]
[BlackClock "0:00:11"]
[Board "135"]

1. d4 Nf6 2. c4 g6 3. g3 Bg7 4. Bg2 O-O 5. Nc3 c5 6. Nf3 d5 7. dxc5 Qa5 8. O-O dxc4 9. Qa4 Qxc5 10. Nd2 Nc6 11. Qxc4 Qxc4 12. Nxc4 Be6 13. Bxc6 bxc6 14. Ne5 Rac8 15. Nd3 c5 16. Be3 c4 17. Nf4 Bf5 18. f3 Rb8 19. Bxa7 Rxb2 20. Bd4 Nd7 21. Bxg7 Kxg7 22. Rac1 Nb6 23. Rfd1 Ra8 24. g4 Bd7 25. Nfd5 Nxd5 26. Rxd5 Be6 27. Rc5 Ra3 28. Rc7 Kf8 29. Rc5 f5 30. h3 Kf7 31. Kf2 h6 32. Rc7 Kf6 33. Ke3 g5 0-1


[Site "https://www.chess.com"]

[Event "Titled Tuesday Blitz November 07 Late 2023"]
[White "Ardila, Oscar Humberto"]
[Black "Bongo Akanga Ndjila, Barthelemy"]
[WhiteFideId "4404742"]
[BlackFideId "10609431"]
[WhiteElo "2323"]
[BlackElo "2020"]
[Result "1-0"]
[Round "5"]
[TimeControl "180+1"]
[Date "2023.11.07"]
[WhiteClock "0:01:27"]
[BlackClock "0:00:15"]
[Board "136"]

1. d4 d5 2. c4 e6 3. Nc3 Nf6 4. Nf3 Bb4 5. Qc2 Ne4 6. Nd2 Nxd2 7. Bxd2 dxc4 8. e3 Bxc3 9. Bxc3 b5 10. a4 c6 11. b3 cxb3 12. Qxb3 O-O 13. axb5 cxb5 14. Bxb5 a6 15. Bd3 Bd7 16. O-O Nc6 17. Rxa6 Rxa6 18. Bxa6 Ne7 19. Ra1 Qc7 20. Ba5 Qc6 21. Qb6 Qe4 22. Bb7 Nd5 23. Qd6 Bc8 24. Bxd5 exd5 25. Bb4 Re8 26. Qc6 Bf5 27. h3 Rc8 28. Qb7 h5 29. Bd6 Qc2 30. Bg3 g6 31. Qe7 Qb2 32. Ra7 Be6 33. Qf6 Qb1+ 34. Kh2 Qb6 35. Be5 Qxa7 36. Qg7# 1-0


[Site "https://www.chess.com"]

[Event "Titled Tuesday Blitz November 07 Late 2023"]
[White "Vargas, Mauricio"]
[Black "Romero Ruscalleda, Josep"]
[WhiteFideId "4404572"]
[BlackFideId "2231859"]
[WhiteElo "1853"]
[BlackElo "2317"]
[Result "0-1"]
[Round "5"]
[TimeControl "180+1"]
[Date "2023.11.07"]
[WhiteClock "0:00:00"]
[BlackClock "0:00:07"]
[Board "137"]

1. e4 g6 2. Nc3 Bg7 3. f4 d6 4. Nf3 c5 5. d3 Nc6 6. Bd2 Nf6 7. g3 Bg4 8. Bg2 Qc8 9. h3 Bd7 10. g4 Nd4 11. O-O O-O 12. Ne2 Ne8 13. c3 Nxf3+ 14. Bxf3 Bc6 15. Ng3 e6 16. f5 Be5 17. Qe1 Qd8 18. Ne2 exf5 19. gxf5 gxf5 20. exf5 Kh8 21. d4 Rg8+ 22. Kh1 Bxf3+ 23. Rxf3 Bf6 24. Nf4 Bh4 25. Qe4 Nf6 26. Qxb7 Qf8 27. dxc5 dxc5 28. Be3 Rb8 29. Qxa7 Rxb2 30. Bxc5 Qe8 31. Bd4 Qe4 32. Rf1 Rb1 33. Kh2 Rxf1 34. Rxf1 Qc2+ 35. Kh1 Qe4+ 36. Kh2 Qxf5 37. Qb6 Kg7 38. Rg1+ Bg5 39. h4 Qxf4+ 40. Kh3 Qxh4+ 41. Kg2 Qe4+ 42. Kh3 Qf5+ 0-1


[Site "https://www.chess.com"]

[Event "Titled Tuesday Blitz November 07 Late 2023"]
[White "Nita, Lucian"]
[Black "Desideri, Ricardo Maruchi"]
[WhiteFideId "1206923"]
[BlackFideId "2110440"]
[WhiteElo "2310"]
[BlackElo "2009"]
[Result "1-0"]
[Round "5"]
[TimeControl "180+1"]
[Date "2023.11.07"]
[WhiteClock "0:00:46"]
[BlackClock "0:00:03"]
[Board "138"]

1. e4 c5 2. d3 d6 3. Nd2 g6 4. Ngf3 Bg7 5. Be2 Nc6 6. O-O e6 7. c3 Nge7 8. d4 O-O 9. dxc5 dxc5 10. Nb3 b6 11. Qc2 Bb7 12. Rd1 Qc7 13. Be3 Rad8 14. Nbd2 Ne5 15. Nxe5 Bxe5 16. Nf1 Rxd1 17. Rxd1 Rd8 18. Re1 Kg7 19. g3 Ng8 20. f4 Bd6 21. Bf3 Be7 22. h4 Nf6 23. Bf2 Qd7 24. Rd1 Qc7 25. Rxd8 Qxd8 26. Qd2 Qxd2 27. Nxd2 h5 28. Kf1 Ng4 29. Bg1 Nf6 30. Ke2 Nd7 31. Bf2 b5 32. c4 b4 33. Nb3 e5 34. fxe5 Nxe5 35. Nxc5 Bxc5 36. Bxc5 Nxc4 37. b3 Ne5 38. Bxb4 Nxf3 39. Kxf3 Kf6 40. Bc3+ Ke6 41. Bd4 f6 42. Bxa7 f5 43. Kf4 fxe4 44. Kg5 Kf7 45. a4 Ba6 46. b4 Bd3 47. Be3 Bc4 48. b5 Bd3 49. Bd4 Bc4 50. Be3 Bd3 51. Kf4 Ke6 52. b6 Ba6 53. Kxe4 Bb7+ 54. Kf4 Kf7 55. Ke5 Ke7 56. Bg5+ Kd7 57. Kf6 Be4 58. a5 Kc6 59. Bd2 Kb7 60. Ke5 Ka6 61. Kxe4 1-0


[Site "https://www.chess.com"]

[Event "Titled Tuesday Blitz November 07 Late 2023"]
[White "Elbebiber"]
[Black "Quirke, Jeffrey"]
[BlackFideId "2013029"]
[WhiteElo "2106"]
[BlackElo "2244"]
[Result "0-1"]
[Round "5"]
[TimeControl "180+1"]
[Date "2023.11.07"]
[WhiteClock "0:00:11"]
[BlackClock "0:00:16"]
[Board "139"]

1. f4 c5 2. Nf3 g6 3. e3 Bg7 4. d4 Nf6 5. c3 O-O 6. Bd3 cxd4 7. exd4 d6 8. O-O Nbd7 9. Re1 Re8 10. Nbd2 e5 11. fxe5 dxe5 12. dxe5 Ng4 13. Nc4 b5 14. Ne3 Ndxe5 15. Be4 Rb8 16. Qxd8 Rxd8 17. Nxe5 Nxe5 18. Nd5 Be6 19. Nf4 Bc4 20. Be3 f5 21. Bc2 a6 22. Bd4 Rxd4 23. cxd4 Nc6 24. Ne6 Bxe6 25. Rxe6 Nxd4 26. Bb3 Nxe6 27. Bxe6+ Kf8 28. Rb1 Rd8 29. b3 Rd2 30. a4 Bd4+ 31. Kh1 b4 32. Bc4 a5 33. Re1 g5 34. h3 h5 35. Kh2 h4 36. Kh1 Kg7 37. Rf1 Kf6 38. Re1 g4 39. hxg4 fxg4 40. Rf1+ Kg5 41. Kh2 h3 42. Bd5 Be5+ 43. Kg1 Rxd5 44. gxh3 gxh3 45. Kh1 h2 46. Re1 Kf5 47. Rf1+ Bf4 48. Re1 Rd2 49. Rf1 Rb2 50. Re1 Rxb3 51. Rd1 Ra3 52. Rd5+ Be5 53. Rd1 Rxa4 54. Rf1+ Ke6 55. Kg2 Ra2+ 56. Kh3 b3 57. Kg4 a4 58. Kg5 Rg2+ 59. Kh4 Rg1 0-1


[Site "https://www.chess.com"]

[Event "Titled Tuesday Blitz November 07 Late 2023"]
[White "Smirnov, Timofey"]
[Black "Ghosh, Chanchal Kumer"]
[WhiteFideId "24176427"]
[BlackFideId "10201858"]
[WhiteElo "2149"]
[BlackElo "2058"]
[Result "0-1"]
[Round "5"]
[TimeControl "180+1"]
[Date "2023.11.07"]
[WhiteClock "0:00:00"]
[BlackClock "0:00:26"]
[Board "140"]

1. d4 d5 2. Bf4 e6 3. e3 Nf6 4. Nd2 Bd6 5. Bg3 c5 6. c3 Nc6 7. Ngf3 Qc7 8. dxc5 Bxg3 9. hxg3 a5 10. Bb5 e5 11. b4 h6 12. O-O O-O 13. Bxc6 bxc6 14. a3 Qe7 15. Qc2 Ng4 16. Nh2 Nf6 17. Nhf3 e4 18. Nd4 Bd7 19. Qd1 Ng4 20. Nxc6 Qg5 21. f3 Nxe3 22. Qe2 Nxf1 23. Rxf1 Bxc6 24. f4 Qxg3 25. Nb3 Qxc3 26. Nxa5 Ba4 27. Qe1 Qd4+ 28. Kh1 e3 29. c6 Rac8 30. Rf3 Rfe8 31. Nb7 Rxc6 0-1


[Site "https://www.chess.com"]

[Event "Titled Tuesday Blitz November 07 Late 2023"]
[White "Dias, Joao Batista"]
[Black "bettercallcafu"]
[WhiteFideId "2108240"]
[WhiteElo "1971"]
[BlackElo "2711"]
[Result "0-1"]
[Round "5"]
[TimeControl "180+1"]
[Date "2023.11.07"]
[WhiteClock "0:01:54"]
[BlackClock "0:01:25"]
[Board "141"]

1. e4 e6 2. d4 d5 3. Nc3 Bb4 4. a3 Bxc3+ 5. bxc3 dxe4 6. Qg4 Nf6 7. Qxg7 Rg8 8. Qh6 Rg6 9. Qd2 c5 10. Bb2 Nc6 11. Ne2 e5 12. dxe5 Qxd2+ 13. Kxd2 Nxe5 14. Nf4 Rg4 15. Ke3 Ng6 16. Nxg6 Rxg6 17. g3 Bd7 18. Bc4 Ng4+ 19. Ke2 Rf6 20. Raf1 Ne5 21. Bb3 c4 22. Ba2 Bg4+ 23. Ke3 Bf3 24. Rhg1 Ng4+ 25. Kd4 O-O-O+ 26. Kxc4 Be2+ 27. Kb4 Rb6+ 28. Kc5 Rb5# 0-1


[Site "https://www.chess.com"]

[Event "Titled Tuesday Blitz November 07 Late 2023"]
[White "Tarnowska, Aleksandra"]
[Black "Hajiyev, Kanan"]
[WhiteFideId "1180967"]
[BlackFideId "13404148"]
[WhiteElo "2147"]
[BlackElo "2468"]
[Result "0-1"]
[Round "5"]
[TimeControl "180+1"]
[Date "2023.11.07"]
[WhiteClock "0:00:00"]
[BlackClock "0:01:37"]
[Board "142"]

1. e4 c6 2. d4 d5 3. Nd2 a6 4. Ngf3 Bg4 5. c3 e6 6. h3 Bh5 7. Bd3 Nf6 8. e5 Nfd7 9. O-O c5 10. Re1 Nc6 11. Be2 Qb6 12. Nb3 cxd4 13. Nbxd4 Bxf3 14. Bxf3 Ncxe5 15. Be3 Qc7 16. Bf4 Bd6 17. Bg3 Nxf3+ 18. Qxf3 Bxg3 19. fxg3 O-O 20. Rf1 Ne5 21. Qh5 Rac8 22. Rae1 Ng6 23. Qg5 h6 24. Qe3 Rfe8 25. h4 Qb6 26. h5 Nf8 27. Qf3 Re7 28. Kh1 Rce8 29. Re2 Qd6 30. Rfe1 Nd7 31. Qg4 Nf6 32. Qf3 b5 33. g4 Nh7 34. Rf2 Ng5 35. Qg3 Qxg3 0-1


[Site "https://www.chess.com"]

[Event "Titled Tuesday Blitz November 07 Late 2023"]
[White "Mirza, Diana"]
[Black "rikchessmx"]
[WhiteFideId "2503999"]
[WhiteElo "1976"]
[BlackElo "2336"]
[Result "0-1"]
[Round "5"]
[TimeControl "180+1"]
[Date "2023.11.07"]
[WhiteClock "0:00:00"]
[BlackClock "0:00:10"]
[Board "144"]

1. e4 c5 2. Nf3 e6 3. d4 cxd4 4. Nxd4 a6 5. Nc3 Qc7 6. Qf3 Nf6 7. Bg5 Be7 8. Be2 h6 9. Bh4 g5 10. Bg3 d6 11. O-O-O Nbd7 12. Ncb5 axb5 13. Nxb5 Qa5 14. Nxd6+ Bxd6 15. Bxd6 Qxa2 16. Ba3 Rxa3 17. bxa3 O-O 18. Kd2 Qb2 19. Ke1 Qe5 20. Bd3 Nc5 21. Qg3 Qc3+ 22. Kf1 Ncxe4 23. Bxe4 Qxg3 24. hxg3 Nxe4 25. Rxh6 Kg7 26. Rh2 b6 27. Ke2 Nc3+ 28. Kd2 Nxd1 29. Kxd1 Bb7 30. f3 Rc8 31. Rh1 Rc3 32. Re1 Rxa3 33. Re5 Kf6 34. Rb5 Ra6 35. Kd2 Bc6 36. Rb4 b5 37. Kd3 Ra4 38. Rb3 Ke5 39. Rc3 Bd5 40. Rc5 Kd6 41. Rc3 Rc4 42. Rb3 b4 43. Kd2 Kc5 0-1


[Site "https://www.chess.com"]

[Event "Titled Tuesday Blitz November 07 Late 2023"]
[White "Martinez, Shawn"]
[Black "katharinareinecke"]
[WhiteFideId "2039770"]
[WhiteElo "2327"]
[BlackElo "1926"]
[Result "1-0"]
[Round "5"]
[TimeControl "180+1"]
[Date "2023.11.07"]
[WhiteClock "0:00:25"]
[BlackClock "0:00:01"]
[Board "145"]

1. e4 c6 2. d4 d5 3. exd5 cxd5 4. Bd3 Nc6 5. c3 Qc7 6. h3 Nf6 7. Nf3 g6 8. O-O Bg7 9. Re1 Bf5 10. Bf1 O-O 11. Nbd2 a6 12. Nb3 b6 13. Ne5 Nxe5 14. dxe5 Ne4 15. f4 Rfd8 16. Be3 Nc5 17. Nd4 Be4 18. Qg4 e6 19. Qh4 Nd3 20. Bxd3 Bxd3 21. Qg4 b5 22. Bf2 b4 23. cxb4 Qb7 24. a3 Rdc8 25. Rac1 Rxc1 26. Rxc1 Rc8 27. Qd1 Be4 28. Nb3 Bh6 29. Be3 Rxc1 30. Qxc1 d4 31. Nxd4 Bxg2 32. h4 Bh3 33. Qc6 Qe7 34. Nf3 Bg4 35. Qc8+ Kg7 36. Bc5 Qxc5+ 37. Qxc5 Bxf3 38. Qe3 Bd5 39. a4 Bc4 40. Qd4 Be2 41. Kf2 Bd1 42. b5 axb5 43. axb5 Bb3 44. b6 Bd5 45. Ke3 Kf8 46. Qxd5 exd5 47. b7 Bxf4+ 48. Kxf4 Ke7 49. b8=Q d4 50. Qd6+ 1-0


[Site "https://www.chess.com"]

[Event "Titled Tuesday Blitz November 07 Late 2023"]
[White "Burke, Paul"]
[Black "Davidson, Kevin"]
[WhiteFideId "2605767"]
[BlackFideId "2056810"]
[WhiteElo "1876"]
[BlackElo "2305"]
[Result "0-1"]
[Round "5"]
[TimeControl "180+1"]
[Date "2023.11.07"]
[WhiteClock "0:00:09"]
[BlackClock "0:00:06"]
[Board "146"]

1. e4 c5 2. Nf3 d6 3. d4 cxd4 4. c3 Nf6 5. Bd3 dxc3 6. Nxc3 e6 7. O-O Be7 8. Bf4 O-O 9. Qe2 a6 10. Rfd1 Qa5 11. a3 Qh5 12. Rac1 Nc6 13. Bb1 Rd8 14. h3 e5 15. Bh2 Be6 16. Ng5 Qxe2 17. Nxe2 Bb3 18. Re1 Rac8 19. Rc3 Na5 20. Rec1 Rc6 21. Rxc6 bxc6 22. Rc3 Rb8 23. Nf3 c5 24. Nd2 Be6 25. f4 Nc6 26. b3 h6 27. fxe5 dxe5 28. Nc1 Rd8 29. Nf3 Rd1+ 30. Kf2 Nd7 31. Ke2 Rh1 32. Bg3 Nd4+ 33. Nxd4 exd4 34. Rf3 Rxc1 0-1


[Site "https://www.chess.com"]

[Event "Titled Tuesday Blitz November 07 Late 2023"]
[White "Alice, Mateus Felizardo Viageiro"]
[Black "Lutz, Igor Oscar"]
[WhiteFideId "14800047"]
[BlackFideId "2110806"]
[WhiteElo "2194"]
[BlackElo "1852"]
[Result "1-0"]
[Round "5"]
[TimeControl "180+1"]
[Date "2023.11.07"]
[WhiteClock "0:00:16"]
[BlackClock "0:00:01"]
[Board "147"]

1. e4 c5 2. Nf3 Nc6 3. d4 cxd4 4. Nxd4 Nf6 5. Nc3 d6 6. Bg5 e6 7. Qd2 Be7 8. O-O-O Nxd4 9. Qxd4 O-O 10. f4 Qa5 11. Kb1 Rd8 12. Bc4 a6 13. Bb3 b5 14. a3 Bb7 15. Rhe1 h6 16. Bh4 Rac8 17. g4 e5 18. Qg1 Rxc3 19. Bxf6 Bxf6 20. g5 hxg5 21. fxg5 Be7 22. bxc3 Qxc3 23. g6 d5 24. Rd3 Qa5 25. gxf7+ Kf8 26. Rg3 Bf6 27. Rf1 Kxf7 28. Rxg7+ Ke6 29. Rg6 Rf8 30. Qg4+ Ke7 31. exd5 Qxa3 32. Qe6+ Kd8 33. Rgxf6 Rxf6 34. Rxf6 Qe7 35. Qxe7+ Kxe7 36. Re6+ Kd7 37. Rxe5 Kd6 38. Re6+ 1-0


[Site "https://www.chess.com"]

[Event "Titled Tuesday Blitz November 07 Late 2023"]
[White "Molina, Jessica"]
[Black "Feliz Dotel, Dewar Bienvenido"]
[WhiteFideId "3303888"]
[BlackFideId "6402801"]
[WhiteElo "1836"]
[BlackElo "2157"]
[Result "1-0"]
[Round "5"]
[TimeControl "180+1"]
[Date "2023.11.07"]
[WhiteClock "0:00:47"]
[BlackClock "0:00:00"]
[Board "148"]

1. d4 d5 2. Nf3 e6 3. Bf4 c5 4. e3 Bd6 5. Bg3 Nf6 6. c3 O-O 7. Bd3 b6 8. O-O Bxg3 9. hxg3 Ba6 10. Bxa6 Nxa6 11. Nbd2 Nb8 12. Ne5 Qc7 13. Qf3 Nc6 14. Qf4 Nxe5 15. Qxe5 Qxe5 16. dxe5 Nd7 17. f4 f5 18. Nf3 h6 19. Rfd1 Rf7 20. Rd2 Nb8 21. Kf2 Nc6 22. a3 b5 23. Rad1 a5 24. Ne1 c4 25. Nc2 Rb7 26. Kf3 b4 27. g4 bxc3 28. bxc3 g6 29. gxf5 gxf5 30. g4 fxg4+ 31. Kxg4 Rb3 32. Nd4 Nxd4 33. Rxd4 Rxa3 34. e4 Rxc3 35. exd5 exd5 36. Rxd5 Rd3 37. R1xd3 cxd3 38. Rxd3 a4 39. Ra3 Kf7 40. f5 Ra5 41. Kf4 Ke7 42. Ke4 h5 43. Kf4 Rb5 44. Rxa4 h4 45. Ra7+ Kf8 46. Rh7 Rb4+ 47. Kg5 1-0


[Site "https://www.chess.com"]

[Event "Titled Tuesday Blitz November 07 Late 2023"]
[White "Martinez Alcantara, Jose Eduardo"]
[Black "Nihal Sarin"]
[WhiteFideId "3805662"]
[BlackFideId "25092340"]
[WhiteElo "3053"]
[BlackElo "3114"]
[Result "1/2-1/2"]
[Round "6"]
[TimeControl "180+1"]
[Date "2023.11.07"]
[WhiteClock "0:00:13"]
[BlackClock "0:00:08"]
[Board "1"]

1. e4 c5 2. Nf3 d6 3. c3 Nf6 4. h3 g6 5. Bd3 Bg7 6. Bc2 b5 7. O-O Bb7 8. Qe2 O-O 9. d4 cxd4 10. cxd4 b4 11. Nbd2 Nbd7 12. b3 Rc8 13. Bd3 Nh5 14. Qe3 Nc5 15. Bc4 Nxe4 16. Nxe4 d5 17. Bd3 dxe4 18. Bxe4 Bxe4 19. Qxe4 Nf6 20. Qb7 a5 21. Bg5 Nd5 22. Rac1 h6 23. Rxc8 Qxc8 24. Qxd5 hxg5 25. Qxg5 Qc7 26. Rc1 Qa7 27. Qc5 Ra8 28. h4 Bf6 29. Qd5 e6 30. Qe4 Rd8 31. Rc4 Kg7 32. g4 Rd5 33. Qf4 Bd8 34. Ne5 Bf6 35. h5 gxh5 36. gxh5 Qe7 37. h6+ Kh7 38. Nxf7 Rf5 39. Qc7 Qxc7 40. Rxc7 Kg6 41. h7 Rh5 42. h8=Q Bxh8 43. Nxh8+ Rxh8 44. Rc6 Kf7 45. Rc5 Rd8 46. Rxa5 Rxd4 47. a3 bxa3 48. Rxa3 Rb4 49. Kf1 Kf6 50. Ke2 Kf5 51. Ke3 e5 52. Kd3 Rf4 53. Ke2 Rb4 54. f3 e4 55. fxe4+ Kxe4 56. Kd2 Kd4 57. Kc2 Kc5 58. Ra5+ Kb6 59. Rh5 Rg4 60. Kb2 Rg3 61. Ka3 Rg4 62. Rf5 Kb7 63. Rc5 Kb8 64. Rc4 Rg8 65. Ka4 Rh8 66. Ka5 Rg8 67. b4 Rh8 68. Rc6 Rg8 69. Ka6 Rh8 70. b5 Rg8 71. Rb6+ Ka8 72. Rh6 Kb8 73. Rh7 Rg6+ 74. b6 Rg8 75. Ra7 Rh8 76. Rb7+ Ka8 77. Rf7 Kb8 78. Rb7+ Ka8 79. Rg7 Kb8 80. Rg6 Ka8 81. b7+ Kb8 82. Rc6 Rg8 83. Kb6 Rg6 84. Kb5 Rg7 85. Ka6 Rxb7 86. Rb6 Ka8 87. Rxb7 1/2-1/2


[Site "https://www.chess.com"]

[Event "Titled Tuesday Blitz November 07 Late 2023"]
[White "Duda, Jan-Krzysztof"]
[Black "Makarian, Rudik"]
[WhiteFideId "1170546"]
[BlackFideId "44105681"]
[WhiteElo "3095"]
[BlackElo "2986"]
[Result "0-1"]
[Round "6"]
[TimeControl "180+1"]
[Date "2023.11.07"]
[WhiteClock "0:00:02"]
[BlackClock "0:00:12"]
[Board "2"]

1. d4 Nf6 2. Bg5 d5 3. e3 Ne4 4. Bf4 c6 5. Bd3 g6 6. Nf3 Bg7 7. Nbd2 Nxd2 8. Qxd2 O-O 9. c4 a5 10. O-O Be6 11. Rac1 dxc4 12. Bxc4 Bxc4 13. Rxc4 Nd7 14. Rd1 Qb6 15. e4 Qb5 16. Qc2 a4 17. h4 Rfe8 18. e5 a3 19. b3 Qd5 20. h5 Red8 21. Bg5 Qe6 22. Re1 Nb6 23. Rc5 Nd5 24. Re4 Nb4 25. Qe2 b6 26. Rc4 Nd5 27. Bd2 h6 28. hxg6 fxg6 29. Qd3 Rf8 30. Re1 Rac8 31. Qe4 b5 32. Rc5 g5 33. Rec1 Qd7 34. Nh2 e6 35. Be3 Rf7 36. Qc2 Bf8 37. Rxc6 Nb4 38. Rxc8 Nxc2 39. R1xc2 Kg7 40. Ng4 Qd5 41. Nf6 Qb7 42. Ne8+ Kg6 43. Nf6 b4 44. R8c4 Qb5 45. Ne4 Qd5 46. Nf6 Qb7 47. Rc6 Qb5 48. Rxe6 Kf5 49. Rec6 g4 50. Rc1 Qe2 51. Ne8 Qxa2 52. e6 Re7 53. Nd6+ Kxe6 54. Nc8+ Kf7 55. Nxe7 Bxe7 56. Rxh6 Qxb3 57. Rc7 Qb1+ 58. Kh2 a2 59. Bg5 a1=Q 60. Rxe7+ Kg8 61. Rd6 Qh1+ 62. Kg3 Qc3+ 63. Be3 Qc8 64. Rg6+ Kh8 65. Re5 Qh7 66. Rxg4 b3 67. Rh4 Qxh4+ 68. Kxh4 Qb8 69. Bg5 b2 70. Bf6+ Kg8 71. Rg5+ Kf7 72. Be5 Qb3 73. Rg7+ Ke6 74. Rg6+ Kd5 75. Rd6+ Ke4 76. f3+ Kd3 77. g4 b1=Q 78. Kg5 Qh1 79. f4 Qbd1 80. Rg6 Qh3 81. Kf6 Ke4 82. f5 Qdxg4 83. Rxg4+ Qxg4 84. Ke6 Qxf5+ 85. Kd6 Qg6+ 86. Kc5 Qe6 87. Bc7 Qd5+ 88. Kb6 Qxd4+ 89. Kc6 Qc4+ 90. Kd6 Qa6+ 91. Kc5 Qa3+ 92. Kc6 Qc3+ 93. Kd6 Qd4+ 94. Kc6 Qd5+ 95. Kb6 Kd4 96. Bb8 Kc4 97. Bc7 Qe6+ 98. Kb7 Kb5 0-1


[Site "https://www.chess.com"]

[Event "Titled Tuesday Blitz November 07 Late 2023"]
[White "Carlsen, Magnus"]
[Black "Oparin, Grigoriy"]
[WhiteFideId "1503014"]
[BlackFideId "24125890"]
[WhiteElo "3266"]
[BlackElo "3007"]
[Result "1-0"]
[Round "6"]
[TimeControl "180+1"]
[Date "2023.11.07"]
[WhiteClock "0:00:57"]
[BlackClock "0:00:13"]
[Board "3"]

1. h4 b6 2. e4 Bb7 3. Nc3 e6 4. d4 Bb4 5. Bd3 Nf6 6. e5 Ne4 7. Bxe4 Bxe4 8. Qg4 Bxc2 9. Qxg7 Rf8 10. Bg5 Be7 11. Rc1 Bxg5 12. Rxc2 Be7 13. Qxh7 Nc6 14. Nf3 Qc8 15. O-O Qb7 16. d5 Nb4 17. dxe6 Nxc2 18. exd7+ Kxd7 19. Qxc2 Qc6 20. Rd1+ Kc8 21. Nd4 Qg6 22. Nf5 Bd8 23. Qe4 Rb8 24. Nb5 Rb7 25. Nbd6+ 1-0


[Site "https://www.chess.com"]

[Event "Titled Tuesday Blitz November 07 Late 2023"]
[White "Deac, Bogdan-Daniel"]
[Black "Pranav, V"]
[WhiteFideId "1226380"]
[BlackFideId "25060783"]
[WhiteElo "2982"]
[BlackElo "3070"]
[Result "1/2-1/2"]
[Round "6"]
[TimeControl "180+1"]
[Date "2023.11.07"]
[WhiteClock "0:00:04"]
[BlackClock "0:00:03"]
[Board "4"]

1. d4 Nf6 2. Bf4 d5 3. e3 c5 4. Nd2 Nc6 5. c3 cxd4 6. exd4 Bf5 7. Qb3 Qc8 8. Ngf3 e6 9. Nh4 Bg6 10. Nxg6 hxg6 11. Bd3 Nh5 12. Be3 Bd6 13. g3 Nf6 14. Nf3 Qc7 15. Qc2 O-O-O 16. O-O-O Kb8 17. Kb1 Ka8 18. Qe2 Rhe8 19. Rhe1 a6 20. h4 Na5 21. Ne5 Bxe5 22. dxe5 Nd7 23. f4 Rc8 24. h5 gxh5 25. Qxh5 g6 26. Qh7 Rf8 27. Qh2 Nc4 28. Bc1 Nc5 29. Bc2 Rh8 30. Qg1 Rh3 31. b3 Nb6 32. Be3 Nbd7 33. Bd4 Nb8 34. Qg2 Rhh8 35. Rh1 Ncd7 36. Rxh8 Rxh8 37. Rh1 Qd8 38. Rxh8 Qxh8 39. Bd3 Nc6 40. Be3 g5 41. Kb2 gxf4 42. gxf4 f6 43. exf6 Qxf6 44. Qg8+ Ndb8 45. Qg5 Qh8 46. f5 exf5 47. Qxf5 d4 48. Bd2 Qh2 49. Kc1 dxc3 50. Bxc3 Qxa2 51. Bc2 Qa3+ 52. Kd1 Qd6+ 53. Qd3 Qf4 54. Qd2 Qf3+ 55. Kc1 Qf8 56. Kb2 Qe7 57. b4 Na7 58. Bd3 Nbc6 59. Qe2 Qf8 60. b5 axb5 61. Bxb5 Nxb5 62. Qxb5 Qf2+ 63. Kb3 Qe3 64. Qa4+ Kb8 65. Kb2 Qe2+ 66. Qc2 Qb5+ 67. Qb3 Qc5 68. Qg8+ Ka7 69. Qa2+ Kb6 70. Qb3+ Ka6 71. Qa2+ Na5 72. Qa4 Qf2+ 73. Kb1 Qb6+ 74. Kc2 Qc5 75. Qb4 Qf5+ 76. Kb2 Nc6 77. Qa4+ Kb6 78. Qb3+ Kc7 79. Qc4 b5 80. Qe2 Qd5 81. Qd2 Qc5 82. Ba5+ Kb7 83. Qd7+ Ka6 84. Bd2 b4 85. Qd3+ Kb7 86. Qd7+ Ka6 87. Qe6 Qd4+ 88. Kc2 Kb5 89. Qb3 Qe4+ 90. Kc1 Qh1+ 91. Qd1 Qd5 92. Qe2+ Kb6 93. Kb2 Qd4+ 94. Kb1 Qd5 95. Qe3+ Kb5 96. Kb2 Na5 97. Qe8+ Kc4 98. Qe2+ Kc5 99. Qe7+ Kb5 100. Qxb4+ Ka6 101. Qxa5+ Qxa5 102. Bxa5 1/2-1/2


[Site "https://www.chess.com"]